 Dungeon Crawl Stone Soup version 0.19-a0-958-gd69d43c (webtiles) character file.

1019 Etesian the Inquisitive (level 8, 25/68 HPs)
             Began as a Green Draconian Fighter on July 11, 2016.
             Was a Follower of Pakellas.
             Quit the game on level 4 of the Dungeon.
             The game lasted 00:10:30 (3924 turns).

Etesian the Inquisitive (Green Draconian Fighter)   Turns: 3924, Time: 00:10:30

Health: 25/68      AC:  6    Str: 19    XL:     8   Next: 2%
Magic:  9/15       EV: 11    Int:  9    God:    Pakellas [*.....]
Gold:   160        SH:  9    Dex: 12    Spells: 0 memorised, 7 levels left

rFire  . . .     SeeInvis .       - Unarmed
rCold  . . .     Gourm    .     (armour unavailable)
rNeg   . . .     Faith    .     a - +0 shield
rPois  +         Spirit   .     (helmet restricted)
rElec  .         Dismiss  .     (no cloak)
rCorr  .         Reflect  .     (no gloves)
SustAt .         Harm     .     (no boots)
MR     .....                    e - amulet of regeneration
Stlth  +.........               (no ring)
                                (no ring)

@: not resistant to hostile enchantments, very unstealthy
A: breathe noxious fumes, unfitting armour, poison resistance, cold-blooded, AC
+6
a: Breathe Noxious Fumes, Quick Charge, Renounce Religion


You were on level 4 of the Dungeon.
You worshipped Pakellas.
Pakellas was aware of your devotion.
You were hungry.

You visited 1 branch of the dungeon, and saw 4 of its levels.

You collected 160 gold pieces.

Inventory:

Armour
 a - a +0 shield (worn)
Jewellery
 e - an amulet of regeneration (around neck)
 h - an uncursed ring of fire
Wands
 b - a wand of random effects (28/48)
 d - a wand of iceblast (12/15)
Scrolls
 f - 4 scrolls of remove curse
Potions
 i - a potion of flight {unknown}
 k - 2 potions of heal wounds
 l - a potion of curing
 m - a potion of haste
Comestibles
 c - 5 bread rations
 g - 6 chunks of flesh
 j - a meat ration


   Skills:
 + Level 5.0 Fighting
 + Level 3.6 Dodging
 + Level 4.0 Shields
 * Level 4.8 Unarmed Combat
 + Level 10.5 Evocations


You had 7 spell levels left.
You didn't know any spells.

Dungeon Overview and Level Annotations

Branches:
Dungeon (4/15)
 Temple: D:4-7

Altars:
Pakellas


Innate Abilities, Weirdness & Mutations

You can breathe blasts of noxious fumes.
Your lurid green scales are hard. (AC +6)
Your body does not fit into most forms of armour.
Your system is resistant to poisons. (rPois)
You are cold-blooded and may be slowed by cold attacks.


Message History

You feel your power returning.
Your Fighting skill increases to level 5!
Your Shields skill increases to level 4!
You have reached level 8!
You feel stronger.
This wand has 12 charges left.
You have got your breath back.
You regained 3 hp, and now have 22/68 hp.
l - a potion of curing
Things that are here:
an animal skin; a short sword There isn't anything to butcher here.
Things that are here:
a whip of freezing; a robe; the big kobold corpse of Pikel You butcher the big kobold corpse of Pikel.
Things that are here:
a whip of freezing; a robe; 4 inedible chunks of flesh You see here an animal skin.
There isn't anything to butcher here.
Are you sure you want to abandon this character and quit the game? (Confirm with "yes".)

##......##
##.........
###.......#..
##......).####
###.<[.#..รท.#
#
##....####...#
##...###
##..## ##..###
##..### #)@##
##.... ##[##
##### #.## ###


There were no monsters in sight!

Vanquished Creatures
  Pikel (D:4)
  Grinder (D:3)
  Duvessa (D:4)
  3 slaves (D:4)
  A scorpion (D:3)
  Dowan (D:4)
  Natasha (D:3)
  Robin (D:2)
  10 adders
  3 worms
  3 dart slugs
  4 giant geckos
  4 orcs (D:3)
  2 ball pythons (D:1)
  5 giant cockroaches
  16 goblins
  10 hobgoblins
  6 kobolds
  8 bats
  4 giant newts
  3 rats
88 creatures vanquished.

Notes
Turn   | Place    | Note
-------+----------+-------------------------------------------
     0 | D:1      | Etesian the Draconian Fighter began the quest for the Orb.
     0 | D:1      | Reached XP level 1. HP: 19/19 MP: 1/1
    97 | D:1      | Reached XP level 2. HP: 23/26 MP: 2/2
   614 | D:1      | Reached XP level 3. HP: 31/31 MP: 3/3
   955 | D:1      | Reached skill level 10 in Evocations
   955 | D:1      | Reached XP level 4. HP: 39/39 MP: 3/11
  1557 | D:2      | Found an oddly glowing altar of Pakellas.
  1563 | D:2      | Became a worshipper of Pakellas the Inventive
  1873 | D:3      | Noticed Grinder
  1896 | D:3      | HP: 2/40 [Grinder (1)]
  1903 | D:3      | Killed Grinder
  1903 | D:3      | Reached XP level 5. HP: 3/46 MP: 12/12
  1903 | D:3      | Reached XP level 6. HP: 3/52 MP: 13/13
  2300 | D:3      | Noticed Robin
  2355 | D:3      | Reached * piety under Pakellas
  2355 | D:3      | Received a gift from Pakellas
  2825 | D:2      | Killed Robin
  3430 | D:3      | Noticed Natasha
  3439 | D:3      | Killed Natasha
  3792 | D:4      | Noticed Dowan
  3833 | D:4      | Killed Dowan
  3833 | D:4      | Your scales start taking on a lurid green colour.
  3833 | D:4      | Reached XP level 7. HP: 60/60 MP: 8/14
  3833 | D:4      | Gained mutation: Your system is resistant to poisons. (rPois) [Green Draconian growth]
  3841 | D:4      | Noticed Duvessa
  3885 | D:4      | Noticed Pikel
  3913 | D:4      | Killed Duvessa
  3918 | D:4      | Killed Pikel
  3918 | D:4      | Reached skill level 5 in Fighting
  3918 | D:4      | Reached XP level 8. HP: 21/68 MP: 9/15
  3924 | D:4      | Quit the game

Vault maps used:
D:1:      lemuel_arrival_tunnels, minmay_tromino_i2
D:2:      lemuel_round_altar
D:3:      first_bread, uniq_robin, uniq_natasha, uniq_grinder
D:4:      uniq_pikel, uniq_edmund, uniq_duvessa

Skill      XL: |  1  2  3  4  5  6  7 |
---------------+----------------------+-----
Unarmed Combat | 3 4 |  4.8
Evocations     | 10 | 10.5
Fighting       | 4 5 |  5.0
Dodging        | 3 |  3.6
Shields        | 4 |  4.0

Action                   |  1- 3 |  4- 6 |  7- 9 || total
-------------------------+-------+-------+-------++-------
Melee: Unarmed           |    63 |   349 |    33 ||   445
       Tailslap          |     4 |    37 |     2 ||    43
Invok: Quick Charge      |       |     2 |       ||     2
 Abil: Breathe Noxious F |       |       |     3 ||     3
Evoke: Wand              |       |     2 |     1 ||     3
  Use: Scroll            |     6 |     3 |       ||     9
       Potion            |     1 |     3 |       ||     4
 Stab: Sleeping          |       |     1 |       ||     1
       Confused          |       |       |     1 ||     1
  Eat: Chunk             |       |    10 |       ||    10
Armor: Skin              |    13 |    75 |     5 ||    93
Dodge: Dodged            |    22 |   142 |    14 ||   178
Block: Shield            |    35 |   169 |    11 ||   215
